Map: Blood Boil LE

Players

Snute

  • Race: Zerg Zerg
  • Spawn Location: 11:00

Elazer - Winner!

  • Race: Zerg Zerg
  • Spawn Location: 5:00

Event: WCS Valencia 2017

VOD

Have the link to the VOD?

Description

Time

  • Played on: July 15, 2017, 2:25 p.m.
  • Length: 12:45

All games in this series

Show
View Real Time Build Order
Export as new Build Order

Snute Zerg 

Build Orders: Hatch First 

Get SALT Encoding   

  12  0:00  Unknown, Drone  
  13  0:12  Overlord  
  13  0:17  Drone  
  14  0:31  Drone x2  
  14  0:34  Drone  
  17  0:53  Hatchery  
  17  0:56  Drone  
  17  1:09  Spawning Pool  
  16  1:13  Drone  
  16  1:15  Drone  
  18  1:36  Hatchery  
  18  1:39  Drone  
  18  1:42  Drone  
  18  1:45  Drone  
  20  1:56  Queen  
  22  2:05  Queen  
  24  2:11  Overlord  
  24  2:14  Zergling x2  
  25  2:20  Zergling x2  
  25  2:21  Drone  
  27  2:23  Drone  
  28  2:31  Drone x2  
  28  2:36  Drone  
  31  2:37  Drone  
  31  2:41  Queen  
  34  2:49  Drone  
  34  2:50  Drone x2  
  37  2:56  Queen  
  39  3:00  Drone x2  
  39  3:03  Overlord  
  41  3:06  Extractor  
  41  3:07  Drone  
  41  3:09  Drone  
  42  3:13  Overlord  
  42  3:22  Drone  
  42  3:23  Drone x5  
  42  3:26  Drone  
  49  3:27  Drone  
  50  3:34  Drone x2  
  50  3:35  Drone  
  50  3:41  Drone x3, Overlord  
  52  3:46  Overlord  
  52  3:47  Drone x2  
  57  3:48  Extractor  
  57  3:49  Drone  
  57  3:50  Drone  
  58  4:03  Roach Warren, Drone x3  
  58  4:05  Evolution Chamber, Drone  
  58  4:07  Drone x2  
  62  4:10  Extractor, Lair  
  62  4:14  Drone x3  
  62  4:16  Drone  
  65  4:19  Drone x3  
  65  4:20  Drone  
  65  4:23  Drone x2  
  71  4:26  Overlord  
  71  4:27  Drone  
  71  4:30  Drone  
  73  4:31  Drone  
  73  4:34  Extractor  
  73  4:35  Zerg Missile Weapons Level 1  
  73  4:36  Overlord  
  73  4:38  Extractor  
  72  4:46  Drone  
  72  4:47  Drone x2  
  72  4:48  Drone  
  72  4:50  Drone  
  77  4:52  Hatchery  
  77  4:54  Overlord  
  77  4:57  Drone  
  77  4:58  Overlord x2  
  77  5:01  Roach x4  
  77  5:04  Roach  
  77  5:05  Overlord  
  87  5:08  Roach  
  87  5:10  Glial Reconstitution  
  91  5:14  Roach  
  91  5:19  Roach x2  
  91  5:20  Overlord  
  94  5:24  Roach x5  
  94  5:25  Roach  
  94  5:27  Overlord  
  106  5:29  Overlord  
  106  5:34  Infestation Pit  
  105  5:36  Roach x3  
  105  5:38  Drone  
  105  5:40  Overlord  
  112  5:48  Roach  
  112  5:49  Roach  
  116  5:51  Roach x6  
  116  5:56  Roach x2  
  116  5:57  Roach  
  134  6:03  Overseer  
  134  6:04  Pneumatized Carapace  
  134  6:05  Drone x2  
  134  6:06  Drone x3  
  139  6:11  Roach  
  139  6:12  Roach  
  139  6:14  Overlord  
  139  6:15  Overlord  
  139  6:16  Extractor  
  142  6:20  Infestor  
  144  6:27  Roach  
  144  6:28  Roach x4  
  154  6:34  Overlord  
  154  6:38  Roach x6  
  166  6:45  Overlord x3  
  166  6:50  Spore Crawler, Roach  
  167  6:59  Burrow, Overlord x3  
  167  7:01  Ravager x2  
  167  7:02  Ravager  
  167  7:05  Extractor, Roach  
  167  7:06  Roach x3  
  177  7:10  Roach x2  
  181  7:19  Roach x3  
  181  7:22  Roach  
  195  7:23  Roach x3  
  193  7:32  Roach x4  
  189  7:52  Roach x5  
  176  7:59  Roach x2  
  176  8:00  Roach x4  
  176  8:03  Roach x8  
  176  8:05  Queen  
  198  8:09  Ravager  
  195  8:23  Ravager  
  195  8:24  Ravager x3  
  195  8:25  Ravager  
  200  8:37  Hatchery  
  184  9:04  Ravager x3, Roach x6  
  168  9:19  Roach x3  
  168  9:20  Roach x12  
  168  9:21  Queen  
  151  9:29  Roach x2  
  127  9:33  Roach  
  127  9:34  Roach  
  127  9:36  Queen  
  119  9:39  Roach x2  
  119  9:40  Ravager x3  
  119  9:41  Infestor, Ravager x2  
  119  9:42  Infestor  
  119  9:45  Roach x4  
  140  9:48  Zerg Missile Weapons Level 2  
  140  9:52  Drone x6  
  144  9:56  Overseer  
  144  9:57  Roach  
  144  9:58  Roach  
  146  10:05  Roach x5  
  155  10:10  Roach  
  155  10:11  Roach  
  159  10:15  Roach x3  
  159  10:16  Roach  
  159  10:21  Roach x4  
  173  10:23  Roach  
  173  10:27  Roach x3  
  173  10:28  Roach  
  183  10:36  Roach  
  183  10:37  Roach x5  
  195  10:46  Roach x2  
  194  10:53  Roach x3  
  198  11:04  Roach x8  
  159  11:05  Roach x6  
  159  11:08  Roach x2  
  159  11:09  Queen  
  159  11:11  Roach x22  
  147  11:13  Roach x4  
  132  11:19  Roach  
  132  11:20  Roach x3  
  137  11:25  Roach  
  137  11:41  Roach x8  
  137  11:42  Roach x2  
  156  11:47  Ravager x3  
  156  11:50  Roach x3  
  143  12:03  Roach x6  
  143  12:08  Roach x3  
  135  12:12  Roach x2  
  122  12:20  Roach x4  
  117  12:25  Roach  
  117  12:26  Roach  
Show
View Real Time Build Order
Export as new Build Order

Elazer Zerg - Winner!

Build Orders: Hatch First 

Get SALT Encoding   

  12  0:00  Unknown  
  12  0:02  Drone  
  13  0:13  Overlord  
  13  0:18  Drone  
  14  0:31  Drone x2  
  14  0:35  Drone  
  17  0:53  Hatchery  
  17  0:56  Drone  
  17  1:10  Spawning Pool  
  16  1:12  Drone  
  16  1:15  Drone  
  18  1:19  Drone  
  19  1:39  Hatchery  
  18  1:41  Drone  
  18  1:46  Drone  
  20  1:50  Drone  
  21  2:02  Drone  
  21  2:04  Queen  
  24  2:10  Queen  
  24  2:14  Overlord  
  26  2:17  Zergling x2  
  26  2:20  Drone  
  28  2:32  Zergling x2  
  28  2:34  Drone x2  
  31  2:38  Overlord  
  31  2:40  Queen  
  33  2:49  Drone x2  
  35  2:51  Queen  
  35  2:52  Drone  
  35  2:56  Drone  
  39  2:59  Drone  
  39  3:02  Drone  
  41  3:05  Drone  
  41  3:09  Drone  
  41  3:12  Drone x3  
  46  3:13  Extractor, Drone  
  46  3:19  Drone x3  
  50  3:20  Drone  
  50  3:24  Extractor  
  50  3:26  Drone  
  50  3:31  Overlord  
  50  3:38  Overlord  
  50  3:41  Extractor, Drone x2  
  49  3:42  Extractor, Drone  
  50  3:49  Overlord  
  50  3:53  Drone x8  
  57  3:56  Drone  
  57  4:02  Drone x3  
  61  4:03  Drone  
  61  4:04  Drone  
  61  4:07  Evolution Chamber  
  61  4:08  Lair  
  62  4:15  Roach Warren  
  62  4:16  Drone  
  62  4:18  Extractor, Drone  
  62  4:20  Drone  
  62  4:21  Drone  
  62  4:22  Drone  
  65  4:25  Drone x2  
  65  4:26  Drone  
  65  4:27  Drone  
  65  4:30  Pneumatized Carapace  
  69  4:34  Zerg Missile Weapons Level 1  
  69  4:35  Overlord  
  69  4:37  Zergling x2  
  69  4:38  Drone  
  71  4:39  Drone  
  71  4:43  Overlord  
  72  4:46  Overlord  
  72  4:50  Drone  
  72  4:52  Drone  
  74  5:02  Roach x3  
  74  5:03  Roach x2  
  74  5:05  Hatchery  
  74  5:06  Overseer  
  83  5:07  Roach  
  83  5:08  Roach  
  83  5:09  Roach  
  83  5:12  Glial Reconstitution  
  89  5:15  Drone x4  
  89  5:17  Drone  
  94  5:23  Overlord  
  93  5:28  Evolution Chamber  
  93  5:29  Infestation Pit  
  93  5:30  Roach x3  
  97  5:39  Overlord  
  97  5:44  Drone x3  
  97  5:46  Roach x3  
  97  5:49  Overlord  
  106  5:56  Overlord x2  
  106  5:58  Roach  
  106  5:59  Roach x3  
  106  6:01  Zerg Ground Armor Level 1  
  114  6:04  Overlord  
  114  6:09  Roach  
  114  6:10  Roach x2  
  114  6:11  Extractor  
  119  6:12  Overlord  
  119  6:15  Infestor x2  
  119  6:17  Roach  
  119  6:18  Roach x6  
  137  6:21  Roach x3  
  143  6:32  Roach x4  
  151  6:41  Zerg Missile Weapons Level 2  
  151  6:42  Roach x2  
  151  6:43  Overlord x3  
  155  6:51  Roach x2  
  155  6:53  Overlord  
  159  6:57  Overlord  
  159  7:00  Ravager  
  160  7:02  Roach x7  
  160  7:03  Roach x2  
  178  7:13  Roach x6  
  190  7:18  Overlord  
  190  7:23  Overlord  
  190  7:36  Roach x4  
  198  7:43  Infestor x2  
  196  7:45  Burrow  
  184  7:57  Roach x2  
  159  8:01  Roach  
  159  8:02  Roach x9  
  161  8:15  Roach x9  
  179  8:21  Overlord  
  179  8:24  Overseer  
  179  8:25  Ravager  
  178  8:27  Extractor  
  178  8:29  Roach x2  
  178  8:30  Roach x2  
  178  8:32  Spine Crawler  
  184  8:35  Ravager, Overlord  
  185  8:43  Roach x6  
  197  8:51  Hatchery  
  197  8:52  Roach x2  
  195  9:03  Ravager  
  195  9:04  Ravager  
  195  9:08  Roach  
  169  9:19  Roach x12  
  169  9:23  Roach x4  
  167  9:24  Roach x9  
  167  9:28  Roach  
  167  9:36  Roach x4  
  170  9:39  Ravager  
  171  9:46  Roach x3  
  171  9:47  Roach  
  171  9:52  Roach x2  
  179  9:54  Roach x3  
  183  10:03  Ravager  
  184  10:07  Roach  
  184  10:08  Roach x4  
  184  10:10  Hatchery  
  191  10:19  Roach x4  
  197  10:25  Ravager  
  197  10:26  Ravager x2  
  200  10:28  Zerg Ground Armor Level 2  
  196  10:39  Ravager x2  
  196  10:40  Roach  
  194  10:52  Roach x4  
  196  10:57  Roach x2  
  196  11:03  Roach x4  
  196  11:04  Roach x2  
  162  11:05  Roach x11  
  162  11:06  Roach x2  
  165  11:13  Roach x3  
  165  11:17  Roach x2  
  159  11:18  Roach  
  159  11:19  Roach x3  
  159  11:28  Roach x2  
  159  11:29  Roach x4  
  167  11:34  Roach x5  
  177  11:44  Roach x5  
  187  11:51  Roach x4  
  195  11:59  Roach x4  
  179  12:03  Roach x11  
  177  12:08  Roach  
  177  12:09  Roach  
  177  12:13  Roach  
  177  12:14  Roach  
  179  12:20  Roach x3  
  173  12:24  Roach x2  
Tags
 
Add a new tag
Caveats
  • Supply blocks, unpowered buildings, or Contaminate may cause inaccurate times.
  • Supply counts are checked every 10 seconds.